 Dungeon Crawl Stone Soup version 0.18-a0-1027-g814d7dd (webtiles) character file.

84 Duffy the Sneak (level 4, 0/23 HPs)
             Began as a Vine Stalker Assassin on Jan 7, 2016.
             Slain by a rat (1 damage)
             ... on level 3 of the Dungeon.
             The game lasted 00:01:51 (1669 turns).

Duffy the Sneak (Vine Stalker Assassin)             Turns: 1669, Time: 00:01:52

Health: 0/23       AC:  6    Str: 13    XL:     4   Next: 46%
Magic:  0/5        EV: 11    Int: 12    God:
Gold:   75         SH:  0    Dex: 16    Spells: 0 memorised, 3 levels left

rFire  . . .     SeeInvis .     a - +2 dagger
rCold  . . .     Gourm    +     t - +0 ring mail
rNeg   + . .     Faith    .     (no shield)
rPois  .         Spirit   +     (no helmet)
rElec  .         Dismiss  .     d - +0 cloak
rCorr  .         Reflect  .     (no gloves)
SustAt .         Harm     .     (no boots)
MR     .....                    u - amulet of the gourmand
Stlth  ++........               (no ring)
                                j - ring of positive energy

@: not resistant to hostile enchantments, unstealthy
A: fangs 2, regeneration 1, magic shield, antimagic bite, no device heal 3, rot
immunity
a: no special abilities


You were on level 3 of the Dungeon.
You were full.

You visited 1 branch of the dungeon, and saw 3 of its levels.

You collected 75 gold pieces.


Innate Abilities, Weirdness & Mutations

You have extremely sharp teeth.
Your natural rate of healing is unusually fast.
When hurt, damage is shared between your health and your magic reserves.
Your bite disrupts and absorbs the magic of your enemies.
Potions and wands cannot restore your health.
You are immune to rotting.


   Skills:
 + Level 2.5 Fighting
 + Level 2.6 Short Blades
 - Level 2.0 Throwing
 + Level 1.9 Dodging
 - Level 5.0 Stealth


You had 3 spell levels left.
You didn't know any spells.

Inventory:

Hand Weapons
 a - a +2 dagger (weapon)
 b - a +0 blowgun
Missiles
 e - 8 poisoned needles
 f - 2 curare-tipped needles
Armour
 c - a +0 robe
 d - a +0 cloak (worn)
 t - a +0 ring mail (worn)
Jewellery
 j - a ring of positive energy (left hand)
 m - an uncursed ring of fire
 u - an amulet of the gourmand (around neck)
Scrolls
 i - 4 scrolls of identify {unknown}
 p - a scroll of teleportation {unknown}
 r - a scroll of remove curse {unknown}
Potions
 h - 3 potions of curing {unknown}
 k - 2 potions of invisibility {unknown}
 n - a potion of beneficial mutation {unknown}
 o - a potion of brilliance {unknown}
 s - a potion of haste {unknown}
Comestibles
 g - 5 bread rations
 l - a beef jerky
 q - a meat ration

Dungeon Overview and Level Annotations

Branches:
Dungeon (3/15)

Altars:


Message History

Something hits you but does no damage. The kobold closely misses you.
You hit something but do no damage. The bat misses you. x2
The rat bites you but does no damage. The adder bites you but does no damage.
The kobold misses you. The orc hits you but does no damage.
You hit something. The bat closely misses you. Something completely misses you.
The kobold closely misses you. The adder barely misses you.
The rat bites you but does no damage. The kobold hits you with a club.
The orc hits you but does no damage.
You hit something but do no damage. The adder closely misses you.
The kobold hits you but does no damage. Something hits you but does no damage.
The rat barely misses you.
You hit something but do no damage. The bat barely misses you.
The adder bites you but does no damage. The orc hits you but does no damage.
The kobold misses you. Something hits you but does no damage.
The kobold hits you. The rat bites you.
You miss something. Your bite misses something. The adder barely misses you.
The orc misses you. The kobold hits you but does no damage.
The kobold barely misses you.
You hear some strange, mumbled words.
A magic dart appears from out of thin air!
The magic dart hits you! The adder closely misses you. The rat bites you.
You hit the bat.
The bat is severely wounded.
The bat barely misses you. The kobold barely misses you.
Something hits you but does no damage. The kobold barely misses you.
The adder bites you but does no damage.
You barely miss the orc.
The orc is almost dead.
The rat bites you but does no damage. The orc barely misses you.
The adder misses you. The kobold hits you but does no damage.
Something hits you. The orc misses you. The kobold completely misses you.
You closely miss the orc.
The orc is almost dead.
The rat bites you.
You die...

#.......## ####
#.........
....##.......#
.....#.......#
#............##.
###.......[.....
.......l%?.....
#..KK.#... .
#.r@S.#.### #
....###oo.....# #
....%..b..##...######
# ....####..#
........
##........#####....
###
##.####....##....##
#<# ##...##..#.># #.#
#....#.....# #.#
#..#...##..###


You could see an adder, 2 orcs, a bat, 2 kobolds, a giant newt and a rat.

Action                   |  1- 3 |  4- 6 || total
-------------------------+-------+-------++-------
Melee: Dagger            |    83 |    46 ||   129
 Stab: Sleeping          |    12 |     2 ||    14
  Eat: Chunk             |     1 |     6 ||     7

Notes
Turn   | Place    | Note
--------------------------------------------------------------
     0 | D:1      | Duffy the Vine Stalker Assassin began the quest for the Orb.
     0 | D:1      | Reached XP level 1. HP: 11/11 MP: 2/2
    22 | D:1      | Reached skill level 2 in Short Blades
    22 | D:1      | Reached skill level 2 in Throwing
   109 | D:1      | Reached skill level 5 in Stealth
   109 | D:1      | Reached XP level 2. HP: 15/15 MP: 3/3
   206 | D:1      | Reached skill level 1 in Dodging
   550 | D:1      | Reached skill level 2 in Fighting
   912 | D:2      | Reached XP level 3. HP: 18/18 MP: 4/4
  1234 | D:2      | Reached XP level 4. HP: 20/23 MP: 5/5
  1669 | D:3      | Slain by a rat

Vault maps used:
D:1:      saegor_arrival_simple_d
D:2:      first_bread
D:3:      marbit_many_paths, serial_corexii_hall, corexii_hall_statues_s,
          corexii_hall_statues_deadend, uniq_natasha

Vanquished Creatures
  3 adders
  2 oozes
  2 giant geckos
  2 orcs
  A ball python
  6 bats
  2 giant cockroaches
  5 hobgoblins
  4 jackals
  5 kobolds
  2 quokkas
  2 giant newts
  6 rats
42 creatures vanquished.
